PINL
CALDWELL CLAWS @ BUTTE COPPER KINGS
06/21/1982
 
TOP OF THE 1ST
Caldwell Claws batting - Pitching for Butte Copper Kings : LHP John McAnally
Pitching: LHP John McAnally
Batting: RHB Kim Christensen 0-0: Foul Ball, location: 2F
0-1: Called Strike
0-2: Ball
1-2: Strikes out swinging
Batting: LHB Willie Vigil 0-0: Ball
1-0: Ball
2-0: Foul Ball, location: 2F
2-1: Fly out, F9 (Flyball, 9LM, EV 89.4 MPH)
Batting: LHB Miguel Negron 0-0: Called Strike
0-1: Ball
1-1: Ball
2-1: Called Strike
2-2: Foul Ball, location: 2F
2-2: Fly out, F6 (Popup, 6, EV 64.4 MPH)
Top of the 1st over - 0 runs, 0 hits, 0 errors, 0 left on base; Caldwell 0 - Butte 0
BOTTOM OF THE 1ST
Butte Copper Kings batting - Pitching for Caldwell Claws : RHP Marty Ayala
Pitching: RHP Marty Ayala
Batting: RHB Steve Howard 0-0: Ball
1-0: Called Strike
1-1: Ball
2-1: Fly out, F8 (Flyball, 8RD, EV 84.4 MPH)
Batting: RHB Jere Longenecker 0-0: Swinging Strike
0-1: DOUBLE (Line Drive, 89D, EV 112.5 MPH)
Batting: RHB Kevin Sliwinski 0-0: Ball
1-0: Foul Ball, location: 2F
1-1: Ball
2-1: Swinging Strike
2-2: Ball
3-2: Fly out, F6 (Line Drive, 6, EV 68.8 MPH)
Batting: RHB William Allen 0-0: Foul Ball, location: 2F
0-1: Ball
1-1: Ball
2-1: SINGLE (Groundball, 5D, EV 106.9 MPH)
Jere Longenecker to third
Runner from 3rd tries for Home, SAFE, throw by LF to home
Batting: SHB Pat Bone 0-0: Ball
1-0: Foul Ball, location: 2F
1-1: Ball
2-1: Ball
3-1: Base on Balls
William Allen to second
Batting: RHB Jose Matos 0-0: Called Strike
0-1: Ground out 5-3 (Groundball, 56S, EV 71.9 MPH)
Bottom of the 1st over - 1 run, 2 hits, 0 errors, 2 left on base; Caldwell 0 - Butte 1
TOP OF THE 2ND
Caldwell Claws batting - Pitching for Butte Copper Kings : LHP John McAnally
Now at 1B: David Dillard
Batting: LHB Gregory Robles 0-0: Ball
1-0: Fly out, F8 (Flyball, 8RD, EV 105.0 MPH)
Batting: LHB Roberto Guillen 0-0: Fly out, F3 (Popup, 3L, EV 64.4 MPH)
Batting: RHB David Morales 0-0: Ball
1-0: Ball
2-0: Ground out 6-3 (Groundball, 56D, EV 90.0 MPH)
Top of the 2nd over - 0 runs, 0 hits, 0 errors, 0 left on base; Caldwell 0 - Butte 1
BOTTOM OF THE 2ND
Butte Copper Kings batting - Pitching for Caldwell Claws : RHP Marty Ayala
Batting: RHB Keith Komeiji 0-0: Ball
1-0: Ball
2-0: Called Strike
2-1: Ground out 6-3 (Groundball, 6, EV 87.5 MPH)
Batting: RHB Jose Escobar 0-0: Foul Ball, location: 2F
0-1: Ball
1-1: Ground out 6-3 (Groundball, 6M, EV 88.8 MPH)
Batting: RHB Juan Alvarez 0-0: Called Strike
0-1: Ball
1-1: Ball
2-1: Foul Ball, location: 2F
2-2: Ball
3-2: Strikes out swinging
Bottom of the 2nd over - 0 runs, 0 hits, 0 errors, 0 left on base; Caldwell 0 - Butte 1
TOP OF THE 3RD
Caldwell Claws batting - Pitching for Butte Copper Kings : LHP John McAnally
Batting: LHB Joseph Wesley 0-0: Called Strike
0-1: Foul Ball, location: 2F
0-2: Foul Ball, location: 2F
0-2: Ball
1-2: Ball
2-2: Foul Ball, location: 2F
2-2: Foul Ball, location: 2F
2-2: Ball
3-2: Strikes out swinging
Batting: RHB Anthony Masone 0-0: Called Strike
0-1: Ball
1-1: Swinging Strike
1-2: Foul Ball, location: 2F
1-2: Foul Ball, location: 2F
1-2: Foul Ball, location: 2F
1-2: DOUBLE (Line Drive, 78XD, EV 98.8 MPH)
Batting: RHB Henry Bender 0-0: Called Strike
0-1: Swinging Strike
0-2: Ball
1-2: Strikes out looking
Batting: RHB Kim Christensen 0-0: Ball
1-0: Ball
2-0: Ball
3-0: Base on Balls
Batting: LHB Willie Vigil 0-0: Called Strike
0-1: Ball
1-1: Fly out, F7 (Flyball, 7, EV 77.5 MPH)
Top of the 3rd over - 0 runs, 1 hit, 0 errors, 2 left on base; Caldwell 0 - Butte 1
BOTTOM OF THE 3RD
Butte Copper Kings batting - Pitching for Caldwell Claws : RHP Marty Ayala
Batting: RHB Steve Howard 0-0: Swinging Strike
0-1: Ball
1-1: Ball
2-1: Ball
3-1: DOUBLE (Flyball, 78XD, EV 106.9 MPH)
Batting: LHB David Dillard 0-0: Swinging Strike
0-1: Ball
1-1: Foul Ball, location: 2F
1-2: Foul Ball, location: 2F
1-2: Ball
2-2: SINGLE (Line Drive, 78M, EV 93.8 MPH)
Steve Howard to third
Runner from 3rd tries for Home, SAFE, throw by LF to home
Batting: RHB Kevin Sliwinski 0-0: Ball
1-0: Fly out, F7 (Flyball, 78M, EV 89.4 MPH)
Batting: RHB William Allen 0-0: Called Strike
0-1: Ball
1-1: DOUBLE (Flyball, 8RXD, EV 108.1 MPH)
David Dillard to third
Runner from 3rd tries for Home, SAFE, throw by CF to home
Batting: SHB Pat Bone 0-0: Ball
1-0: Foul Ball, location: 2F
1-1: SINGLE (Line Drive, 78S, EV 87.5 MPH)
William Allen to third
Runner from 3rd tries for Home, SAFE, throw by LF to home
Batting: RHB Jose Matos 0-0: Ball
1-0: SINGLE (Flyball, 56D, EV 88.8 MPH)
Pat Bone to second
Batting: RHB Keith Komeiji 0-0: Ball
1-0: Ball
2-0: Ball
3-0: Called Strike
3-1: Grounds into double play, 6-4-3 (Groundball, 6, EV 90.0 MPH)
Bottom of the 3rd over - 3 runs, 5 hits, 0 errors, 1 left on base; Caldwell 0 - Butte 4
TOP OF THE 4TH
Caldwell Claws batting - Pitching for Butte Copper Kings : LHP John McAnally
Batting: LHB Miguel Negron 0-0: Swinging Strike
0-1: Foul Ball, location: 2F
0-2: Foul Ball, location: 2F
0-2: Ball
1-2: Ground out 3-1 (Groundball, 34S, EV 84.4 MPH)
Batting: LHB Gregory Robles 0-0: Foul Ball, location: 2F
0-1: Ball
1-1: Ball
2-1: Swinging Strike
2-2: Ball
3-2: Strikes out looking
Batting: LHB Roberto Guillen 0-0: Ball
1-0: Foul Ball, location: 2F
1-1: Foul Ball, location: 2F
1-2: Fly out, F8 (Flyball, 8RS, EV 85.0 MPH)
Top of the 4th over - 0 runs, 0 hits, 0 errors, 0 left on base; Caldwell 0 - Butte 4
BOTTOM OF THE 4TH
Butte Copper Kings batting - Pitching for Caldwell Claws : RHP Marty Ayala
Batting: RHB Jose Escobar 0-0: Called Strike
0-1: Fly out, F7 (Flyball, 7, EV 86.3 MPH)
Batting: RHB Juan Alvarez 0-0: Ground out 6-3 (Groundball, 6, EV 83.8 MPH)
Batting: RHB Steve Howard 0-0: SINGLE (Line Drive, 8LM, EV 100.0 MPH)
Batting: LHB David Dillard 0-0: Ball
1-0: Ball
2-0: Ground out 4-3 (Groundball, 4, EV 91.9 MPH)
Bottom of the 4th over - 0 runs, 1 hit, 0 errors, 1 left on base; Caldwell 0 - Butte 4
TOP OF THE 5TH
Caldwell Claws batting - Pitching for Butte Copper Kings : LHP John McAnally
Batting: RHB David Morales 0-0: Ball
1-0: Called Strike
1-1: SINGLE (Line Drive, 9LS, EV 112.5 MPH)
Batting: LHB Joseph Wesley 0-0: Ball
1-0: Ball
2-0: Foul Ball, location: 2F
2-1: Grounds into double play, 6-4-3 (Groundball, 6, EV 104.4 MPH)
Batting: RHB Anthony Masone 0-0: Called Strike
0-1: Ball
1-1: Ground out 5-3 (Groundball, 5, EV 78.1 MPH)
Top of the 5th over - 0 runs, 1 hit, 0 errors, 0 left on base; Caldwell 0 - Butte 4
BOTTOM OF THE 5TH
Butte Copper Kings batting - Pitching for Caldwell Claws : RHP Marty Ayala
Batting: RHB Kevin Sliwinski 0-0: Ground out U3 (Groundball, 34S, EV 77.5 MPH)
Batting: RHB William Allen 0-0: Ball
1-0: Ground out 4-3 (Groundball, 4, EV 86.3 MPH)
Batting: SHB Pat Bone 0-0: Ball
1-0: Called Strike
1-1: Called Strike
1-2: Strikes out swinging
Bottom of the 5th over - 0 runs, 0 hits, 0 errors, 0 left on base; Caldwell 0 - Butte 4
TOP OF THE 6TH
Caldwell Claws batting - Pitching for Butte Copper Kings : LHP John McAnally
Pitching: LHP Kenneth Stelly
Batting: RHB Henry Bender 0-0: Ball
1-0: DOUBLE (Line Drive, 78M, EV 98.8 MPH)
Batting: RHB Kim Christensen 0-0: Called Strike
0-1: Ball
1-1: Ball
2-1: Ball
3-1: Swinging Strike
3-2: Base on Balls
Batting: LHB Willie Vigil 0-0: Ball
1-0: Ball
2-0: Bunted foul
2-1: Ball
3-1: Sac Bunt to 13S - play at first, batter OUT! 1-4
Henry Bender to third
Kim Christensen to second
Batting: LHB Miguel Negron 0-0: Ball
1-0: Ball
2-0: Ball
3-0: Called Strike
3-1: Ground out 4-3 (Groundball, 4, EV 90.0 MPH)
Henry Bender scores
Kim Christensen to third
Batting: LHB Gregory Robles 0-0: Fly out, F5 (Popup, 56S, EV 72.5 MPH)
Top of the 6th over - 1 run, 1 hit, 0 errors, 1 left on base; Caldwell 1 - Butte 4
BOTTOM OF THE 6TH
Butte Copper Kings batting - Pitching for Caldwell Claws : RHP Marty Ayala
Batting: RHB Jose Matos 0-0: SINGLE (Flyball, 5D, EV 94.4 MPH)
Batting: RHB Keith Komeiji 0-0: Grounds into double play, 5-4-3 (Groundball, 56, EV 105.6 MPH)
Batting: RHB Jose Escobar 0-0: Ground out 4-3 (Groundball, 4, EV 82.5 MPH)
Bottom of the 6th over - 0 runs, 1 hit, 0 errors, 0 left on base; Caldwell 1 - Butte 4
TOP OF THE 7TH
Caldwell Claws batting - Pitching for Butte Copper Kings : LHP Kenneth Stelly
Batting: LHB Roberto Guillen 0-0: Called Strike
0-1: Ball
1-1: Called Strike
1-2: Strikes out swinging
Batting: RHB David Morales 0-0: Ball
1-0: Ball
2-0: Foul Ball, location: 2F
2-1: Foul Ball, location: 2F
2-2: Foul Ball, location: 2F
2-2: Ball
3-2: Ground out U3 (Groundball, 34, EV 83.8 MPH)
Batting: LHB Joseph Wesley 0-0: Ball
1-0: Foul Ball, location: 2F
1-1: Called Strike
1-2: DOUBLE (Flyball, 8LXD, EV 101.9 MPH)
Batting: RHB Anthony Masone 0-0: Called Strike
0-1: Ball
1-1: SINGLE (Flyball, 3D, EV 98.8 MPH)
Joseph Wesley to third
Runner from 3rd tries for Home, SAFE, throw by RF to home
Anthony Masone to second
Batting: RHB Henry Bender 0-0: Swinging Strike
0-1: Ball
1-1: Ball
2-1: Called Strike
2-2: Strikes out swinging
Top of the 7th over - 1 run, 2 hits, 0 errors, 1 left on base; Caldwell 2 - Butte 4
BOTTOM OF THE 7TH
Butte Copper Kings batting - Pitching for Caldwell Claws : RHP Marty Ayala
Batting: RHB Juan Alvarez 0-0: Fly out, F8 (Flyball, 8LM, EV 93.8 MPH)
Batting: RHB Steve Howard 0-0: Called Strike
0-1: Ball
1-1: Ball
2-1: SINGLE (Line Drive, 56D, EV 101.9 MPH)
Batting: LHB David Dillard 0-0: Ball
1-0: Called Strike
1-1: Ball
2-1: Fly out, F7 (Flyball, 7LS, EV 85.6 MPH)
Batting: RHB Kevin Sliwinski 0-0: Ball
1-0: Called Strike
1-1: Ball
2-1: Swinging Strike
2-2: Fly out, F8 (Line Drive, 8RD, EV 88.8 MPH)
Bottom of the 7th over - 0 runs, 1 hit, 0 errors, 1 left on base; Caldwell 2 - Butte 4
TOP OF THE 8TH
Caldwell Claws batting - Pitching for Butte Copper Kings : LHP Kenneth Stelly
Pitching: RHP Alec McCullock
Batting: RHB Kim Christensen 0-0: Ball
1-0: Called Strike
1-1: Foul Ball, location: 2F
1-2: Foul Ball, location: 2F
1-2: Fly out, F4 (Line Drive, 4, EV 66.9 MPH)
Batting: LHB Willie Vigil 0-0: Called Strike
0-1: Ball
1-1: Fly out, F8 (Line Drive, 8RD, EV 85.0 MPH)
Batting: LHB Miguel Negron 0-0: Ball
1-0: Ball
2-0: Foul Ball, location: 2F
2-1: Ball
3-1: Base on Balls
Batting: LHB Gregory Robles 0-0: Swinging Strike
0-1: Foul Ball, location: 2F
0-2: Foul Ball, location: 2F
0-2: Ball
1-2: Fly out, F8 (Flyball, 89D, EV 93.8 MPH)
Top of the 8th over - 0 runs, 0 hits, 0 errors, 1 left on base; Caldwell 2 - Butte 4
BOTTOM OF THE 8TH
Butte Copper Kings batting - Pitching for Caldwell Claws : RHP Marty Ayala
Batting: RHB William Allen 0-0: Called Strike
0-1: Ball
1-1: Foul Ball, location: 2F
1-2: SINGLE (Groundball, 6M, EV 104.4 MPH) (infield hit)
Batting: SHB Pat Bone 0-0: Grounds into double play, 4-6-3 (Groundball, 4, EV 104.4 MPH)
Batting: RHB Jose Matos 0-0: Fly out, F4 (Flyball, 34D, EV 76.3 MPH)
Bottom of the 8th over - 0 runs, 1 hit, 0 errors, 0 left on base; Caldwell 2 - Butte 4
TOP OF THE 9TH
Caldwell Claws batting - Pitching for Butte Copper Kings : RHP Alec McCullock
Pitching: RHP Tony Ghelfi
Batting: LHB Roberto Guillen 0-0: SINGLE (Line Drive, 34, EV 95.6 MPH)
Pinch Hitting: LHB Dave Smith 0-0: Called Strike
0-1: Ball
1-1: Ball
2-1: Foul Ball, location: 2F
2-2: 2-RUN HOME RUN (Flyball, 9D, EV 93.8 MPH), Distance : 366 ft
Batting: LHB Joseph Wesley 0-0: Called Strike
0-1: Swinging Strike
0-2: Strikes out swinging
Batting: RHB Anthony Masone 0-0: Called Strike
0-1: Swinging Strike
0-2: Ball
1-2: Foul Ball, location: 2F
1-2: Foul Ball, location: 2F
1-2: Foul Ball, location: 2F
1-2: Foul Ball, location: 2F
1-2: Foul Ball, location: 2F
1-2: Foul Ball, location: 2F
1-2: Fly out, F6 (Line Drive, 6, EV 65.6 MPH)
Pinch Hitting: SHB Randy Craig 0-0: Ball
1-0: SINGLE (Line Drive, 78S, EV 91.9 MPH)
Batting: RHB Kim Christensen 0-0: Ball
Randy Craig steals 2nd base
1-0: Ground out 3-1 (Groundball, 34S, EV 89.4 MPH)
Top of the 9th over - 2 runs, 3 hits, 0 errors, 1 left on base; Caldwell 4 - Butte 4
BOTTOM OF THE 9TH
Butte Copper Kings batting - Pitching for Caldwell Claws : RHP Marty Ayala
Now at C: Randy Craig
Now in LF: Jorge Martinez
Pinch Hitting: LHB Michael Kane 0-0: Called Strike
0-1: Ball
1-1: Ball
2-1: Fly out, F7 (Flyball, 78M, EV 89.4 MPH)
Pinch Hitting: LHB Larry Jackson 0-0: Foul Ball, location: 2F
0-1: Ball
1-1: Ball
2-1: Foul Ball, location: 2F
2-2: Ball
3-2: TRIPLE (Flyball, 89XD, EV 98.8 MPH)
Pinch Hitting: LHB Jack Foley 0-0: Intentional Walk
Batting: RHB Steve Howard 0-0: Ball
1-0: Called Strike
1-1: Ball
2-1: Ball
3-1: Called Strike
3-2: Foul Ball, location: 2F
3-2: Ground out 5-3 (Groundball, 56S, EV 81.3 MPH)
Jack Foley to second
Pitching: RHP Jordan Contreras
Batting: LHB David Dillard 0-0: Ball
1-0: Swinging Strike
1-1: Ball
2-1: Swinging Strike
2-2: Fly out, F8 (Line Drive, 8RD, EV 89.4 MPH)
Bottom of the 9th over - 0 runs, 1 hit, 0 errors, 2 left on base; Caldwell 4 - Butte 4
TOP OF THE 10TH
Caldwell Claws batting - Pitching for Butte Copper Kings : RHP Tony Ghelfi
Now at C: Dan Gasparino
Now at 2B: Steven Smith
Now at SS: Kenny Clark
Batting: LHB Willie Vigil 0-0: Ball
1-0: Foul Ball, location: 2F
1-1: Ball
2-1: Fly out, F7 (Flyball, 78M, EV 90.0 MPH)
Batting: LHB Miguel Negron 0-0: SINGLE (Groundball, 4MD, EV 105.6 MPH)
Batting: LHB Gregory Robles 0-0: Ball
1-0: Foul Ball, location: 2F
1-1: Foul Ball, location: 2F
1-2: SINGLE (Line Drive, 8RS, EV 91.3 MPH)
Miguel Negron to second
Runner from 2nd tries for 3rd, SAFE, throw by CF made to third
Batting: LHB Roberto Guillen 0-0: Ball
1-0: Called Strike
1-1: Ball
2-1: Called Strike
2-2: SINGLE (Groundball, 34D, EV 95.0 MPH)
Miguel Negron scores
Gregory Robles to second
Runner from 2nd tries for 3rd, SAFE, no throw by RF
Batting: LHB Jorge Martinez 0-0: Ball
1-0: Called Strike
1-1: Called Strike
1-2: Foul Ball, location: 2F
1-2: Foul Ball, location: 2F
1-2: Strikes out looking
Pitching: RHP Kevin Quirk
Batting: LHB Joseph Wesley 0-0: Ball
1-0: Swinging Strike
1-1: Foul Ball, location: 2F
1-2: 3-RUN HOME RUN (Flyball, 89XD, EV 104.4 MPH), Distance : 404 ft
Batting: RHB Anthony Masone 0-0: Ball
1-0: Called Strike
1-1: TRIPLE (Flyball, 8LXD, EV 91.9 MPH)
Batting: SHB Randy Craig 0-0: Swinging Strike
0-1: SINGLE (Flyball, 56D, EV 93.1 MPH)
Anthony Masone scores
Batting: RHB Kim Christensen 0-0: Ball
1-0: Swinging Strike
1-1: Ball
2-1: Ball
3-1: Base on Balls
Randy Craig to second
Batting: LHB Willie Vigil 0-0: Called Strike
0-1: Ball
1-1: SINGLE (Flyball, 78S, EV 96.3 MPH)
Randy Craig to third
Kim Christensen to second
Runner from 3rd tries for Home, SAFE, throw by LF to home
Batting: LHB Miguel Negron 0-0: Ground out U3 (Groundball, 34, EV 83.8 MPH)
Top of the 10th over - 6 runs, 7 hits, 0 errors, 2 left on base; Caldwell 10 - Butte 4
BOTTOM OF THE 10TH
Butte Copper Kings batting - Pitching for Caldwell Claws : RHP Jordan Contreras
Batting: RHB Kevin Sliwinski 0-0: Ground out 6-3 (Groundball, 6, EV 81.3 MPH)
Batting: RHB William Allen 0-0: Ground out 4-3 (Groundball, 34, EV 86.3 MPH)
Batting: SHB Pat Bone 0-0: Ball
1-0: Ball
2-0: Called Strike
2-1: Fly out, F7 (Flyball, 7S, EV 93.8 MPH)
Bottom of the 10th over - 0 runs, 0 hits, 0 errors, 0 left on base; Caldwell 10 - Butte 4
Monday, August 10th, 2020 - OOTP Baseball 21.5 Build 76